 Dungeon Crawl Stone Soup version 0.24-a0-581-gc0fa6600bf (webtiles) character file.

Game seed: 17903281087161697357

7312 Mithandil the Envoy of Void (level 10, -7/77 HPs)
             Began as a Demonspawn Abyssal Knight on Aug 24, 2019.
             Was a High Priest of Lugonu.
             Mangled by Urug
             ... wielding a +4 broad axe
              (25 damage)
             ... while paralysed by Maurice
             ... on level 10 of the Dungeon.
             The game lasted 01:01:43 (12079 turns).

Mithandil the Envoy of Void (DsAK)                 Turns: 12079, Time: 01:01:43

Health: -7/77      AC: 17    Str: 17    XL:     10   Next: 90%
Magic:  16/16      EV:  2    Int: 15    God:    Lugonu [*****.]
Gold:   253        SH:  0    Dex: 12    Spells: 0/16 levels left

rFire    . . .     SeeInvis .   a - +8 war axe of Heuqe {flame, rN+}
rCold    + . .     Gourm    .   r - +0 buckler
rNeg     + + .     Faith    .   t - +1 plate armour
rPois    .         Spirit   .   (no helmet)
rElec    .         Reflect  .   (no cloak)
rCorr    .         Harm     .   F - +0 pair of gloves of Bigokyu {rN+}
MR       .....                  (boots unavailable)
Stlth    ..........             o - amulet of the acrobat
HPRegen  0.22/turn              p - ring of wizardry
MPRegen  0.15/turn              w - +1 ring of evasion

@: paralysed, studying Poison Magic
A: hooves 3, molten scales 2, cold resistance 1, mutation resistance 1,
nightstalker 1, sense surroundings 1, strong 1
a: Depart the Abyss, Bend Space, Banish, Corrupt, Enter the Abyss, Renounce
Religion


You were on level 10 of the Dungeon.
You worshipped Lugonu.
Lugonu was extremely pleased with you.
You were not hungry.

You visited 1 branch of the dungeon, and saw 10 of its levels.
You visited the Abyss 1 time.
You also visited: Sewer.

You collected 491 gold pieces.
You spent 238 gold pieces at shops.

Inventory:

Hand Weapons
 a - the +8 war axe of Heuqe (weapon) {flame, rN+}
   (You bought it in a shop on level 5 of the Dungeon)

   It has been specially enchanted to burn those struck by it, causing extra
   injury to most foes and up to half again as much damage against particularly
   susceptible opponents.
   Big, fiery blades are also staple armaments of hydra-hunters.
   It protects you from negative energy.
 b - a +3 spear
 h - a +0 dagger of venom
 i - a +0 hunting sling
 k - a +2 dagger of venom
 v - a +3 dagger of venom
 x - a +1 falchion
 L - a +2 vampiric dagger
Missiles
 e - 74 bolts
 g - 155 sling bullets
 j - a throwing net
 n - 5 silver boomerangs
 y - 23 poisoned darts
 D - 5 javelins (quivered)
 E - 5 curare-tipped darts
Armour
 r - a +0 buckler (worn)
 t - a +1 plate armour (worn)
 F - the +0 pair of gloves of Bigokyu (worn) {rN+}
   (You found it on level 8 of the Dungeon)

   It protects you from negative energy.
Jewellery
 o - an amulet of the acrobat (around neck)
 p - a ring of wizardry (left hand)
 s - an uncursed ring of ice
 w - a +1 ring of evasion (right hand)
 A - an uncursed amulet of guardian spirit
Wands
 m - a wand of iceblast (9)
Scrolls
 l - a scroll of amnesia
 q - a scroll of blinking
 u - 3 scrolls of remove curse
 B - a scroll of fog
 G - a scroll of fear
 H - 2 scrolls of magic mapping
 I - a scroll of enchant weapon {unknown}
 K - 2 scrolls of identify
Potions
 d - 5 potions of agility
 z - a potion of heal wounds
 C - 3 potions of invisibility
 J - a potion of ambrosia
Books
 N - a manual of Poison Magic
Comestibles
 c - 16 rations
 f - 11 chunks of flesh


   Skills:
 + Level 6.6 Fighting
 - Level 4.7 Long Blades
 * Level 5.9 Axes
 + Level 5.5 Armour
 + Level 5.2 Dodging
 - Level 4.0 Shields
 + Level 3.9 Spellcasting
 + Level 4.1 Conjurations
 + Level 3.7 Translocations
 + Level 8.0 Invocations


You couldn't memorise any spells.
You knew the following spells:

 Your Spells              Type           Power        Failure   Level  Hunger
a - Throw Frost           Conj/Ice       #.....       86%         2    ##.....
b - Blink                 Tloc           N/A          65%         2    ##.....
c - Throw Icicle          Conj/Ice       #.......     100%        4    ####...
d - Magic Dart            Conj           ###.         45%         1    None
e - Flame Tongue          Conj/Fire      #....        73%         1    None
f - Conjure Flame         Conj/Fire      #.......     97%         3    ###....
m - Mephitic Cloud        Conj/Pois/Air  #.......     99%         3    ###....

Your spell library contained the following spells:

 Spells                   Type           Power        Failure   Level  Hunger
 Throw Flame              Conj/Fire      #.....       86%         2    ##.....
 Beastly Appendage        Tmut           #.....       94%         1    None
 Corona                   Hex            #......      94%         1    None
 Freeze                   Ice            #...         94%         1    None
 Call Imp                 Summ           #.......     98%         2    ##.....
 Slow                     Hex            #.......     98%         2    ##.....
 Sticks to Snakes         Tmut           #.......     98%         2    ##.....
 Portal Projectile        Hex/Tloc       #.....       98%         3    ###....
 Inner Flame              Hex/Fire       #.......     100%        3    ###....
 Ozocubu's Armour         Chrm/Ice       #.......     100%        3    ###....
 Spider Form              Tmut/Pois      #.........   100%        3    ###....
 Cause Fear               Hex            #.........   100%        4    ####...
 Ice Form                 Ice/Tmut       #.......     100%        4    ####...
 Leda's Liquefaction      Hex/Erth       #.........   100%        4    ####...
 Sticky Flame             Conj/Fire      #.......     100%        4    ####...
 Summon Ice Beast         Ice/Summ       #.......     100%        4    ####...
 Blade Hands              Tmut           #.........   100%        5    ######.
 Fireball                 Conj/Fire      #.........   100%        5    ######.


Dungeon Overview and Level Annotations

Branches:
Dungeon (10/15)            Temple (0/1) D:4            Lair (0/6) D:9
  Sewer (visited)
    Orc: D:9-12

Altars:
Ashenzari
Fedhas

Shops:
D:4 }   D:5 (

Annotations:
D:9 exclusion: oklob sapling
D:10 Maurice, Urug


Innate Abilities, Weirdness & Mutations

You have hooves in place of feet.
You are mostly covered in molten scales. (AC +3)
Your flesh is cold resistant. (rC+)
You are slightly more attuned to the shadows.
You are somewhat resistant to further mutation.
You passively map a small area around you.
Your muscles are strong. (Str +2)


Message History

Urug throws a javelin.
The javelin pierces through you!! Urug hits you with a +4 broad axe!!
You barely miss Urug. Your kick misses Urug. You barely miss the jackal.
The jackal barely misses you. Urug hits you with a +4 broad axe.
The jackal misses you.
You hit Urug. You burn Urug. You kick Urug, but do no damage.
Urug is lightly wounded.
You slash the jackal! You burn the jackal.
You kill the jackal!
Lugonu accepts your kill. Urug barely misses you.
You closely miss Urug. You kick Urug.
Urug is lightly wounded.
Urug hits you with a +4 broad axe!
* * * LOW HITPOINT WARNING * * *
You hit Urug. You burn Urug. Your kick misses Urug.
Urug is lightly wounded.
You hear a zap.
You suddenly lose the ability to move!
Urug hits you with a +4 broad axe!!
You die...

###########** ** #####
#.......... ..... ,
#<..#* , >,, #...#*
#.......z. , *
###...######....... ...
#.................## *,,
....*#.##o........##.###
....##.##.@†# * #. .. ,
#...#.##..(# ## .##
.........# * #..###.##
*,* ##..##.## , #..##..#
#..##.[# * #......#####
, , #..........# ,*


You could see Urug.

Vanquished Creatures
  A two-headed ogre (D:8)
  A hornet (D:9)
  The ghost of Sassenached the Skirmisher, an amateur DsWn (D:7)
  A hippogriff (D:7)
  4 hogs (D:7)
  A human (D:7)
  A steam dragon (D:9)
  Menkaure (D:4)
  3 wargs (D:9)
  A water moccasin (D:9)
  2 orc warriors (D:8)
  2 phantoms (D:6)
  A sky beast (D:8)
  5 ogres
  A centaur (D:8)
  2 crocodiles
  2 big kobolds
  5 bullfrogs
  A gnoll sergeant (D:3)
  3 scorpions
  14 killer bees
  3 howler monkeys (D:7)
  4 crimson imps
  4 hounds
  2 jellies
  2 centaur skeletons
  5 gnoll shamans
  9 orc priests
  7 orc wizards
  An iguana (D:6)
  8 worker ants
  A killer bee zombie (D:7)
  5 hound skeletons
  41 gnolls
  10 adders
  2 shadow imps
  2 adder zombies
  A worm (D:2)
  2 dart slugs
  2 leopard geckos (D:2)
  24 orcs
  7 ball pythons
  8 bats
  A bat skeleton (D:2)
  8 giant cockroaches
  5 goblins
  8 hobgoblins
  40 jackals
  16 kobolds
  3 quokkas
  3 frilled lizards
  A giant cockroach zombie (D:2)
  A jackal skeleton (D:2)
  8 rats
  A plant (D:9)
298 creatures vanquished.

Vanquished Creatures (others)
  6 plants (D:9)
6 creatures vanquished.

Grand Total: 304 creatures vanquished

Notes
Turn   | Place    | Note
-------+----------+-------------------------------------------
     0 | Abyss:1  | Mithandil the Demonspawn Abyssal Knight began the quest for
                  | the Orb.
     0 | Abyss:1  | Reached XP level 1. HP: 18/18 MP: 2/2
    48 | Abyss:1  | Noticed an apocalypse crab
    49 | D:1      | Escaped the Abyss
   264 | D:1      | Reached skill level 1 in Dodging
   430 | D:1      | Reached * piety under Lugonu
   430 | D:1      | Gained mutation: You have large cloven feet. [demonic
                  | ancestry]
   430 | D:1      | Reached XP level 2. HP: 21/24 MP: 4/4
   835 | D:1      | Reached skill level 3 in Invocations
   835 | D:1      | Gained mutation: You are partially covered in molten
                  | scales. (AC +2) [demonic ancestry]
   835 | D:1      | Reached XP level 3. HP: 23/29 MP: 5/5
  1403 | D:4      | Gained mutation: You have hoof-like feet. [demonic
                  | ancestry]
  1403 | D:4      | Reached XP level 4. HP: 34/35 MP: 6/6
  1464 | D:4      | Found a staircase to the Ecumenical Temple.
  1503 | D:5      | Entered Level 5 of the Dungeon
  1525 | D:5      | Gained mutation: You have hooves in place of feet. [demonic
                  | ancestry]
  1525 | D:5      | Reached XP level 5. HP: 36/41 MP: 7/7
  1604 | D:5      | Found a glowing drain.
  1612 | D:5      | Reached ** piety under Lugonu
  1650 | Sewer    | Entered a sewer
  2079 | Sewer    | Noticed a crocodile
  2082 | Sewer    | Killed a crocodile
  2082 | Sewer    | Reached skill level 4 in Invocations
  2082 | Sewer    | Gained mutation: You are slightly more attuned to the
                  | shadows. [demonic ancestry]
  2082 | Sewer    | Reached XP level 6. HP: 48/48 MP: 9/9
  3238 | D:3      | Found a faded altar of an unknown god.
  3634 | D:3      | Gained mutation: You passively map a small area around you.
                  | [potion of mutation]
  3634 | D:3      | Gained mutation: Your muscles are strong. (Str +2) [potion
                  | of mutation]
  3634 | D:3      | Gained mutation: You are somewhat resistant to further
                  | mutation. [potion of mutation]
  3737 | D:3      | Reached *** piety under Lugonu
  3737 | D:3      | Reached skill level 1 in Shields
  3761 | D:3      | Reached XP level 7. HP: 16/54 MP: 10/10
  4611 | D:3      | Reached skill level 5 in Invocations
  5340 | D:4      | Found Sisched's Gadget Boutique.
  5418 | D:4      | Noticed Menkaure
  5449 | D:5      | Found Pizetysix's Antique Weapon Shop.
  5457 | D:5      | Bought a polished war axe for 238 gold pieces
  5457 | D:5      | Identified the +8 war axe of Heuqe {flame, rN+} (You bought
                  | it in a shop on level 5 of the Dungeon)
  5587 | D:5      | Gained mutation: Your flesh is cold resistant. (rC+)
                  | [demonic ancestry]
  5587 | D:5      | Reached XP level 8. HP: 60/61 MP: 11/11
  5672 | D:6      | Reached skill level 1 in Axes
  5710 | D:6      | Found a shattered altar of Ashenzari.
  5849 | D:6      | Reached skill level 1 in Spellcasting
  6042 | D:4      | Killed Menkaure
  6042 | D:4      | Reached skill level 5 in Fighting
  6416 | D:5      | Learned a level 1 spell: Magic Dart
  6419 | D:5      | Learned a level 2 spell: Blink
  6423 | D:5      | Learned a level 3 spell: Conjure Flame
  6427 | D:5      | Learned a level 3 spell: Mephitic Cloud
  6758 | D:6      | Reached **** piety under Lugonu
  7054 | D:7      | Reached skill level 1 in Conjurations
  7424 | D:7      | Reached skill level 1 in Translocations
  7424 | D:7      | Gained mutation: You are mostly covered in molten scales.
                  | (AC +3) [demonic ancestry]
  7424 | D:7      | Reached XP level 9. HP: 63/68 MP: 13/13
  7428 | D:7      | Reached skill level 6 in Invocations
  7479 | D:7      | Found a large runed translucent door.
  7479 | D:7      | Found a large runed translucent door.
  7490 | D:7      | Noticed Sassenached's ghost (amateur DsWn)
  7500 | D:7      | Killed Sassenached's ghost
  8550 | D:8      | Noticed a two-headed ogre
  8557 | D:8      | Killed a two-headed ogre
  8557 | D:8      | Reached skill level 5 in Armour
  8557 | D:8      | Reached skill level 7 in Invocations
  8557 | D:8      | Reached XP level 10. HP: 26/76 MP: 15/15
  8681 | D:8      | Got a pair of shimmering gloves
  8682 | D:8      | Identified the +0 pair of gloves of Bigokyu {rN+} (You
                  | found it on level 8 of the Dungeon)
  8970 | D:8      | Learned a level 2 spell: Throw Frost
  8975 | D:8      | Learned a level 4 spell: Throw Icicle
  9064 | D:8      | Reached ***** piety under Lugonu
  9065 | D:8      | Reached skill level 5 in Axes
  9771 | D:10     | Entered Level 10 of the Dungeon
 10131 | D:9      | Found a staircase to the Lair.
 10912 | D:9      | Reached skill level 5 in Dodging
 11328 | D:9      | Found a blossoming altar of Fedhas.
 11961 | D:9      | Learned a level 1 spell: Flame Tongue
 11980 | D:10     | Reached skill level 8 in Invocations
 12062 | D:10     | Noticed Maurice
 12072 | D:10     | Noticed Urug
 12079 | D:10     | Paralysed by something for 2 turns
 12079 | D:10     | Mangled by Urug

Levels and vault maps discovered:
D:1:      lightli_arrival_isolated_outpost, layout_basic
D:2:      layout_loops_cross, serial_undead, serial_undead_d, serial_undead_a,
          serial_undead_a, serial_undead_c
D:3:      lemuel_castle_with_subvaults [lemuel_castle_interior_carwin_2],
          layout_loops_cross, chequers_ecumenical_altar_simple_redux
D:4:      layout_cave_pools, minmay_temple_entry_waves, first_ration,
          serial_shops, shop, uniq_menkaure
D:5:      layout_rooms, cheibrodos_sewer_entry_drain, serial_shops, shop
D:6:      layout_basic, evilmike_ruin_ashenzari
D:7:      layout_loops_cross, ebering_ghost_disaster_area, grunt_livestock
D:8:      layout_layer_cave
D:9:      layout_roguey, erik_lair_orcish_takeover, introduction_to_nature_2
D:10:     layout_rooms, uniq_maurice, uniq_urug

Skill      XL: |  1  2  3  4  5  6  7  8  9 10 |
---------------+-------------------------------+-----
Dodging        | 1 2 3 4 5 |  5.2
Long Blades    | 2 3 4 |  4.7
Armour         | 2 3 4 5 |  5.5
Invocations    | 3 4 5 7 8 |  8.0
Fighting       | 4 5 6 |  6.6
Shields        | 1 2 3 4 |  4.0
Axes           | 2 4 5 |  5.9
Spellcasting   | 1 3 |  3.9
Conjurations   | 1 3 4 |  4.1
Translocations | 1 2 3 |  3.7

Action                   |  1- 3 |  4- 6 |  7- 9 | 10-12 || total
-------------------------+-------+-------+-------+-------++-------
Melee: Falchion          |    95 |   187 |   160 |       ||   442
       Kick              |    16 |    49 |    87 |    43 ||   195
       Halberd           |       |    20 |       |       ||    20
       Spear             |       |       |    19 |       ||    19
       War axe           |       |       |   176 |   189 ||   365
Throw: Dart              |       |       |     4 |       ||     4
 Cast: Blink             |       |       |       |     1 ||     1
Invok: Depart the Abyss  |     1 |       |       |       ||     1
Evoke: Wand              |       |     3 |     5 |       ||     8
  Use: Potion            |     4 |    10 |     6 |     4 ||    24
       Scroll            |     4 |     5 |    13 |     4 ||    26
  Eat: Chunk             |     2 |     7 |    13 |     8 ||    30
       Ration            |       |       |     1 |     1 ||     2
Armor: Leather armour    |    18 |       |       |       ||    18
       Ring mail         |    29 |    44 |       |       ||    73
       Plate armour      |       |    81 |   274 |   131 ||   486
       Chain mail        |       |    24 |       |       ||    24
Dodge: Dodged            |    70 |   131 |   156 |   120 ||   477
Block: Buckler           |       |    20 |   101 |    58 ||   179
       Rpst.: Falchion   |    21 |    36 |    19 |       ||    76

Table legend:
 A = Non-vault XP
 B = Vault XP
 C = Vault XP percentage of total XP
 D = Non-vault monster count
 E = Vault monster count
 F = Vault count percentage of total count
                 A         B        C        D         E       F
            +---------+---------+-------+---------+---------+-------
      Total |    6976 |    3470 |  33.2 |     202 |      95 |  32.0
            +---------+---------+-------+---------+---------+-------
        D:1 |      38 |       0 |   0.0 |      22 |       0 |   0.0
        D:2 |      51 |       9 |  15.0 |      21 |       4 |  16.0
        D:3 |      48 |     669 |  93.3 |      14 |      50 |  78.1
        D:4 |     172 |     165 |  49.0 |       5 |       1 |  16.7
        D:5 |     454 |       5 |   1.1 |      16 |       3 |  15.8
        D:6 |     688 |       0 |   0.0 |      24 |       0 |   0.0
        D:7 |    1258 |    1290 |  50.6 |      38 |       6 |  13.6
        D:8 |    2161 |       0 |   0.0 |      29 |       0 |   0.0
        D:9 |    1417 |    1222 |  46.3 |      21 |      25 |  54.3
       D:10 |     689 |       0 |   0.0 |      12 |       0 |   0.0
      Sewer |       0 |     110 | 100.0 |       0 |       6 | 100.0
            +---------+---------+-------+---------+---------+-------
